 Dungeon Crawl Stone Soup version 0.30-a0-439-g9e77e4d916 (webtiles) character file.

Game seed: 8112485237456542278

520 Armakuni the Destroyer (level 7, -10/75 HPs)
             Began as a Grey Draconian Conjurer on Dec 10, 2022.
             Mangled by Duvessa
             ... wielding a +0 rapier
              (11 damage)
             ... on level 5 of the Dungeon.
             The game lasted 00:10:37 (4966 turns).

Armakuni the Destroyer (Grey Draconian Conjurer)    Turns: 4966, Time: 00:10:38

Health: -10/75     AC: 23    Str: 10    XL:     7   Next: 1%
Magic:  5/10       EV:  2    Int: 20    God:
Gold:   185        SH:  0    Dex:  9    Spells: 4/10 levels left

rFire   . . .      SeeInvis .    b - +6 halberd of the Heavens {vorpal, Fly rCorr}
rCold   . . .      Faith    .    (shield currently unavailable)
rNeg    . . .      Spirit   .    (body armour unavailable)
rPois   +          Reflect  .    (helmet currently unavailable)
rElec   .          Harm     .    (cloak currently unavailable)
rCorr   +          Rampage  .    (gloves currently unavailable)
Will    .....      NoTele   +    (boots currently unavailable)
Stlth   ++........               (no amulet)
HPRegen 0.32/turn                (no ring)
MPRegen 0.12/turn                (no ring)

@: tree-form
A: stationary, stasis, torment immunity, boosted hp, AC +11, (amphibious),
unfitting armour, (cold-blooded)
a: no special abilities


You were on level 5 of the Dungeon.
You were a tree.
You visited 1 branch of the dungeon, and saw 5 of its levels.

You collected 185 gold pieces.

Inventory:

Hand Weapons
 b - the +6 halberd of the Heavens (weapon) {vorpal, Fly rCorr}
   (You found it on level 4 of the Dungeon)

   It inflicts extra damage upon your enemies.
   Fly:       It grants you flight.
   rCorr:     It protects you from acid and corrosion.
 d - a +1 quarterstaff
 h - a +0 short sword of flaming
 o - a +4 quarterstaff of chaos
Armour
 f - the -2 hat of Midnight (melded) {Harm rPois rN++ Str+4 Stlth+}
   (You acquired it on level 2 of the Dungeon)

   Str:       It affects your strength (+4).
   rPois:     It protects you from poison.
   rN:        It greatly protects you from negative energy.
   Harm:      It increases damage dealt and taken.
   Stlth:     It makes you more stealthy.
 g - a +0 pair of gloves (melded)
 p - a +0 cloak (melded)
Magical Staves
 c - a staff of fire
Wands
 q - a wand of flame (18)
Scrolls
 i - 3 scrolls of teleportation
Potions
 a - a potion of heal wounds
 e - 2 potions of flight
 j - a potion of lignification
 k - 2 potions of curing
 l - a potion of degeneration {unknown}
 m - a potion of mutation {unknown}
 n - a potion of might {unknown}


   Skills:
 - Level 1.7 Dodging
 - Level 1.7 Stealth
 - Level 2.0 Spellcasting
 + Level 8.5 Conjurations


You had 4 spell levels left.
You knew the following spells:

 Your Spells              Type           Power      Damage    Failure   Level
m - Iskenderun's Mystic   Conj/Tloc      19%        2d6       26%         4
z - Searing Ray           Conj           72%        2d7       1%          2

Your spell library contained the following spells:

 Spells                   Type           Power      Damage    Failure   Level
 Magic Dart               Conj           100%       1d8       1%          1
 Dazzling Flash           Conj/Hex       38%        N/A       9%          3
 Mephitic Cloud           Conj/Pois/Air  13%        N/A       14%         3
 Cigotuvi's Dreadful Rot  Necr/Pois/Air  4%         N/A       24%         2
 Poisonous Vapours        Pois/Air       4%         N/A       24%         2
 Fulminant Prism          Conj/Hex       9%         3d7       26%         4


Dungeon Overview and Level Annotations

Branches:
Dungeon (5/15)
 Temple: D:4-7

Altars:
Nemelex Xobeh
Okawaru

Shops:
D:1 *   D:4 *

Annotations:
D:4 2 transporters, Jaakounette's ghost, amateur SpBr
D:5 Duvessa


Innate Abilities, Weirdness & Mutations

You are a tree.
Your roots penetrate the ground, keeping you stationary.
You cannot be teleported.
You are immune to unholy pain and torment.
Your maximum health is greatly increased.
Your equipment is partially melded.
((Your dull iron-grey scales are very hard. (AC +11)))
((You are amphibious.))
You cannot fit into any form of body armour.
((You are cold-blooded and may be slowed by cold attacks.))


Message History

Duvessa barely misses you. Duvessa hits you with a +0 rapier.
You barely miss Duvessa.
Duvessa is heavily wounded.
Duvessa hits you with a +0 rapier. Duvessa hits you but does no damage.
You puncture Duvessa!
Duvessa is heavily wounded.
Duvessa hits you but does no damage. Duvessa barely misses you.
Duvessa hits you with a +0 rapier.
You hit Duvessa but do no damage.
Duvessa is heavily wounded.
Duvessa hits you with a +0 rapier! Duvessa hits you with a +0 rapier.
You slash Duvessa!
Duvessa is severely wounded.
You hear the brisk hiss of a very distant avalanche of sand.
Duvessa hits you with a +0 rapier. Duvessa hits you with a +0 rapier!
You hit Duvessa but do no damage.
Duvessa is severely wounded.
Duvessa hits you but does no damage. Duvessa hits you with a +0 rapier!
* * * LOW HITPOINT WARNING * * *
Cast which spell? (? or * to list)
Aiming: Searing Ray (safe; 1% risk of failure)
Press: ? - help, Shift-Dir - straight line, f/p - Duvessa
Aim: Duvessa, wielding a +0 rapier, wearing a +0 chain mail of willpower and carrying a wand of polymorph (6) (severely wounded, berserk, 88% to hit)
The searing ray hits Duvessa.
Duvessa is almost dead. (Press . to maintain the ray.) Duvessa barely misses you.
Duvessa hits you with a +0 rapier.
* * * LOW HITPOINT WARNING * * *
The searing ray hits Duvessa but does no damage.
Duvessa is almost dead.
Duvessa hits you but does no damage.
The searing ray misses Duvessa.
Duvessa hits you with a +0 rapier.
* * * LOW HITPOINT WARNING * * *
Duvessa hits you with a +0 rapier.
* * * LOW HITPOINT WARNING * * *
The searing ray hits Duvessa!
Duvessa is almost dead.
You finish channelling your searing ray.
Duvessa hits you with a +0 rapier!
You die...

PP~~~~~
~~~P~~P
P~~~~~~
~P~~~P~
~~~~~P~
♣♣~~~P~♣ #~♣
##e♣ ~# ♣♣
#####.♣#♣~~##
.♣♣♣#####
#....)........
♣..♣#...#
#####.#.######
♣♣♣.†...#
#.#.# ♣♣#..)#
#.#.# #####
#.#.# #.#.# .#
#...#####
###### .#
#.#.......


You could see Duvessa (berserk).

Vanquished Creatures
  An ogre (D:5)
  A necrophage (D:3)
  A wight (D:3)
  Dowan (D:5)
  Crazy Yiuf (D:5)
  2 hounds (D:4)
  Terence (D:2)
  2 iguanas (D:4)
  3 adders
  3 dart slugs
  3 orcs (D:3)
  5 ball pythons
  4 bats
  8 endoplasms
  2 giant cockroaches (D:1)
  5 goblins
  8 hobgoblins
  6 quokkas
  3 frilled lizards
  10 kobolds
  10 rats
80 creatures vanquished.

Vanquished Creatures (others)
  4 plants (D:5)
4 creatures vanquished.

Grand Total: 84 creatures vanquished

Notes
Turn   | Place    | Note
-------+----------+-------------------------------------------
     0 | D:1      | Armakuni the Draconian Conjurer began the quest for the
                  | Orb.
     0 | D:1      | Reached XP level 1. HP: 14/14 MP: 3/3
   134 | D:1      | Found Ruicuuw's Assorted Antiques.
   272 | D:1      | Reached XP level 2. HP: 20/20 MP: 1/5
   538 | D:1      | Learned a level 2 spell: Searing Ray
   881 | D:1      | Reached skill level 5 in Conjurations
   973 | D:1      | Reached XP level 3. HP: 26/26 MP: 3/6
  1398 | D:2      | Found a faded altar of an unknown god.
  1445 | D:2      | Identified a scroll of acquirement
  1446 | D:2      | Acquired the -2 hat of Midnight {Harm rPois rN++ Str+4
                  | Stlth+}
  1522 | D:2      | Noticed Terence
  1535 | D:2      | Killed Terence
  1679 | D:2      | Reached XP level 4. HP: 33/33 MP: 4/7
  1685 | D:2      | Learned a level 4 spell: Iskenderun's Mystic Blast
  2208 | D:3      | Noticed a scorpion
  2561 | D:3      | Found a sparkling altar of Nemelex Xobeh.
  2640 | D:3      | Reached skill level 6 in Conjurations
  3184 | D:3      | Noticed a necrophage
  3199 | D:3      | Killed a necrophage
  3200 | D:3      | Reached XP level 5. HP: 22/38 MP: 0/8
  3502 | D:3      | Reached skill level 7 in Conjurations
  3890 | D:4      | Found Yfrufoq's Overcharged Wands.
  4002 | D:4      | Reached XP level 6. HP: 26/45 MP: 4/9
  4002 | D:4      | Identified the +6 halberd of the Heavens {vorpal, Fly
                  | rCorr}
  4240 | D:4      | Found a transporter.
  4240 | D:4      | Noticed Jaakounette's ghost (amateur SpBr)
  4259 | D:4      | Found a transporter.
  4663 | D:5      | Entered Level 5 of the Dungeon
  4687 | D:5      | Noticed Dowan
  4731 | D:5      | Found a runed translucent door.
  4732 | D:5      | Noticed Crazy Yiuf
  4738 | D:5      | Killed Crazy Yiuf
  4810 | D:5      | Reached skill level 8 in Conjurations
  4811 | D:5      | Noticed Duvessa
  4827 | D:5      | Killed Dowan
  4828 | D:5      | Your scales start taking on a dull iron-grey colour.
  4828 | D:5      | Reached XP level 7. HP: 33/50 MP: 2/10
  4923 | D:5      | Found an iron altar of Okawaru.
  4965 | D:5      | HP: 1/75 [Duvessa/+0 rapier (6)]
  4966 | D:5      | Mangled by Duvessa

Illustrated notes

Levels and vault maps discovered:
D:1:      lightli_arrival_boilingwater, layout_loops_cross, serial_shops,
          nicolae_shop_overgrown_old_shop
D:2:      layout_basic, hellmonk_ecumenical_altar_crossroads, uniq_terence
D:3:      minmay_chambers_of_threes, layout_basic, nemelex_spade_bored_becter
D:4:      layout_rooms, gammafunk_ghost_mausoleum, dreamdust_princess_corridor,
          nicolae_shop_overcharged_wands
D:5:      layout_loops_ring, mainiacjoe_overflow_24_doors,
          eat_drink_and_be_merry_uskayaw, minmay_temple_entry_fiery,
          serial_shops, nicolae_shop_stone, nicolae_take_the_stairs,
          nicolae_ossuary_entry_giza, serial_bayou_lake_a,
          uniq_crazy_yiuf_cottage, uniq_sigmund, uniq_duvessa, uniq_eustachio

Skill      XL: |  1  2  3  4  5  6 |
---------------+-------------------+-----
Conjurations   | 5 6 7 8 |  8.5
Dodging        | |  1.7
Stealth        | |  1.7
Spellcasting   | |  2.0

Action                   |  1- 3 |  4- 6 |  7- 9 || total
-------------------------+-------+-------+-------++-------
Melee: Halberd           |       |     5 |     8 ||    13
 Cast: Magic Dart        |    32 |       |       ||    32
       Searing Ray       |    18 |    46 |     1 ||    65
Evoke: Wand              |       |       |     1 ||     1
  Use: Scroll            |     2 |     5 |       ||     7
       Potion            |     1 |     3 |     1 ||     5
Armor: Skin              |     6 |     2 |     5 ||    13
Dodge: Dodged            |     6 |    11 |     3 ||    20

Table legend: (Time is in decaauts)
 A = Elapsed time spent in this place.
 B = Non-inter-level travel time spent in this place.
 C = Inter-level travel time spent in this place.
 D = Time resting spent in this place.
 E = Time spent auto-exploring this place.
 F = Levels seen in this place.
 G = Mean time per level.
                   A        B        C        D        E       F      G
               +--------+--------+--------+--------+--------+-----+--------+
         Total |   4955 |   4907 |     48 |    814 |   3163 |   5 |  991.0 |
       Dungeon |   4955 |   4907 |     48 |    814 |   3163 |   5 |  991.0 |
               +--------+--------+--------+--------+--------+-----+--------+

Top non-repeatable levels by time:
     D:3: 1691 daAuts
     D:1: 1179 daAuts
     D:2: 991 daAuts
     D:4: 783 daAuts
     D:5: 308 daAuts
